TOP OF THE 1ST |
Kentucky Wildcats batting - Pitching for West Virginia Mountaineers : RHP Dale Jordan
|
Pitching: RHP Dale Jordan
|
|
Batting: RHB Travis Kramer
|
0-0: Ball 1-0: Ball 2-0: Foul Ball, location: 2F 2-1: Ball 3-1: Base on Balls
|
Batting: RHB Sam Robinson
|
0-0: 2-RUN HOME RUN (Flyball, 7LD), Distance : 338 ft
|
Batting: RHB Haywood Young
|
0-0: Foul Ball, location: 2F 0-1: Ball 1-1: Foul Ball, location: 2F 1-2: Strikes out swinging
|
Batting: RHB Gabriel Sánchez
|
0-0: Ball 1-0: Fly out, F5 (Popup, 5L)
|
Batting: RHB Johnny Carson
|
0-0: Called Strike 0-1: Ball 1-1: Ball 2-1: Ball 3-1: Base on Balls
|
Batting: RHB Jamal Martínez
|
0-0: Ball 1-0: Fly out, F3 (Popup, 34)
|
Top of the 1st over - 2 runs, 1 hit, 0 errors, 1 left on base; Kentucky 2 - West Virginia 0 |
BOTTOM OF THE 1ST |
West Virginia Mountaineers batting - Pitching for Kentucky Wildcats : LHP Chris Morgan
|
Pitching: LHP Chris Morgan
|
|
Batting: LHB Eric Chávez
|
0-0: Ball 1-0: Ball 2-0: Foul Ball, location: 2F 2-1: Ball 3-1: Foul Ball, location: 2F 3-2: Ground out U3 (Groundball, 3L)
|
Batting: RHB Chris Smith
|
0-0: Ball 1-0: Ball 2-0: Foul Ball, location: 2F 2-1: Swinging Strike 2-2: Strikes out looking
|
Batting: RHB David Randall
|
0-0: Ball 1-0: Swinging Strike 1-1: Ball 2-1: Called Strike 2-2: Ground out U3 (Groundball, 34)
|
Bottom of the 1st over - 0 runs, 0 hits, 0 errors, 0 left on base; Kentucky 2 - West Virginia 0 |
TOP OF THE 2ND |
Kentucky Wildcats batting - Pitching for West Virginia Mountaineers : RHP Dale Jordan
|
Batting: RHB Ken Jenkins
|
0-0: Ball 1-0: Ball 2-0: Ball 3-0: Base on Balls
|
Batting: RHB Chris Young
|
0-0: SINGLE (Line Drive, 7LM) Ken Jenkins to second
|
Batting: LHB Phil Allen
|
0-0: Ball 1-0: Called Strike 1-1: Foul Ball, location: 2F 1-2: Ball 2-2: Ball 3-2: Base on Balls Ken Jenkins to third Chris Young to second
|
Batting: RHB Travis Kramer
|
0-0: Ball 1-0: Foul Ball, location: 2F 1-1: Swinging Strike 1-2: Ball 2-2: Strikes out swinging
|
Batting: RHB Sam Robinson
|
0-0: Foul Ball, location: 2F 0-1: Fly out, F9 (Flyball, 89D) Runner from 3rd tags up, SCORES, throw made Chris Young to third
|
Batting: RHB Haywood Young
|
0-0: Foul Ball, location: 2F 0-1: Foul Ball, location: 2F 0-2: Ball 1-2: SINGLE (Line Drive, 8LS) Chris Young scores Phil Allen to second Runner from 2nd tries for 3rd, SAFE, no throw
|
Batting: RHB Gabriel Sánchez
|
0-0: Ball 1-0: Foul Ball, location: 2F 1-1: Ball 2-1: Foul Ball, location: 2F 2-2: Foul Ball, location: 2F 2-2: Ball 3-2: Base on Balls Haywood Young to second
|
Batting: RHB Johnny Carson
|
0-0: Called Strike 0-1: SINGLE (Groundball, 56D) Phil Allen scores Haywood Young to third Gabriel Sánchez to second Runner from 3rd tries for Home, SAFE, no throw
|
Pitching: RHP Nolan Inman
|
|
Batting: RHB Jamal Martínez
|
0-0: Ball 1-0: Called Strike 1-1: Ball Wild Pitch! Gabriel Sánchez to third Johnny Carson to second 2-1: Called Strike 2-2: SINGLE (Groundball, 5D) Gabriel Sánchez scores Johnny Carson to third Runner from 3rd tries for Home, SAFE, throw made home
|
Batting: RHB Ken Jenkins
|
0-0: Foul Ball, location: 2F 0-1: Foul Ball, location: 2F 0-2: Ball Jamal Martínez steals 2nd base 1-2: Strikes out looking
|
Top of the 2nd over - 6 runs, 4 hits, 0 errors, 1 left on base; Kentucky 8 - West Virginia 0 |
BOTTOM OF THE 2ND |
West Virginia Mountaineers batting - Pitching for Kentucky Wildcats : LHP Chris Morgan
|
Batting: LHB Juan Garza
|
0-0: Called Strike 0-1: Ball 1-1: Ball 2-1: Foul Ball, location: 2F 2-2: SINGLE (Line Drive, 8RS)
|
Batting: LHB José Galindo
|
0-0: Swinging Strike 0-1: Ball 1-1: Foul Ball, location: 2F 1-2: SINGLE (Flyball, 4MD) Juan Garza to second Runner from 2nd tries for 3rd, SAFE, no throw
|
Batting: RHB Jeffery Gordon
|
0-0: Fly out, F8 (Flyball, 8RM) Runner from 3rd tags up, OUT at HOME José Galindo to second
|
Batting: RHB Jeffrey Dunbar
|
0-0: Called Strike 0-1: Ball 1-1: Called Strike 1-2: Strikes out swinging
|
Bottom of the 2nd over - 0 runs, 2 hits, 0 errors, 1 left on base; Kentucky 8 - West Virginia 0 |
TOP OF THE 3RD |
Kentucky Wildcats batting - Pitching for West Virginia Mountaineers : RHP Nolan Inman
|
Batting: RHB Chris Young
|
0-0: Ball 1-0: Called Strike 1-1: Called Strike 1-2: Ball 2-2: Strikes out looking
|
Batting: LHB Phil Allen
|
0-0: Ball 1-0: Foul Ball, location: 2F 1-1: Ground out U3 (Groundball, 3)
|
Batting: RHB Travis Kramer
|
0-0: Ball 1-0: Ball 2-0: Called Strike 2-1: Ball 3-1: Called Strike 3-2: Ground out 5-3 (Groundball, 56)
|
Top of the 3rd over - 0 runs, 0 hits, 0 errors, 0 left on base; Kentucky 8 - West Virginia 0 |
BOTTOM OF THE 3RD |
West Virginia Mountaineers batting - Pitching for Kentucky Wildcats : LHP Chris Morgan
|
Batting: SHB George Murphy
|
0-0: Ball 1-0: Ball 2-0: Ball 3-0: Called Strike 3-1: Base on Balls
|
Batting: LHB Alden Collins
|
0-0: Called Strike 0-1: Ball 1-1: Ball 2-1: Foul Ball, location: 2F 2-2: Strikes out looking
|
Batting: LHB Eric Chávez
|
0-0: Called Strike George Murphy steals 2nd base 0-1: Called Strike 0-2: Ball 1-2: Ground out 4-3 (Groundball, 4) George Murphy to third
|
Batting: RHB Chris Smith
|
0-0: Foul Ball, location: 2F 0-1: Foul Ball, location: 2F 0-2: Ball 1-2: Ball 2-2: Strikes out swinging
|
Bottom of the 3rd over - 0 runs, 0 hits, 0 errors, 1 left on base; Kentucky 8 - West Virginia 0 |
TOP OF THE 4TH |
Kentucky Wildcats batting - Pitching for West Virginia Mountaineers : RHP Nolan Inman
|
Batting: RHB Sam Robinson
|
0-0: Ball 1-0: Ground out 4-3 (Groundball, 34)
|
Batting: RHB Haywood Young
|
0-0: Ball 1-0: Called Strike 1-1: Ball 2-1: Ball 3-1: Base on Balls
|
Batting: RHB Gabriel Sánchez
|
0-0: Ball 1-0: Fielders Choice at 2nd, 6-4 (Groundball, 6)
|
Batting: RHB Johnny Carson
|
0-0: Called Strike Throwing error on steal attempt, E2 Gabriel Sánchez to third 0-1: Ball 1-1: Swinging Strike 1-2: Ball 2-2: Strikes out swinging
|
Top of the 4th over - 0 runs, 0 hits, 1 error, 1 left on base; Kentucky 8 - West Virginia 0 |
BOTTOM OF THE 4TH |
West Virginia Mountaineers batting - Pitching for Kentucky Wildcats : LHP Chris Morgan
|
Batting: RHB David Randall
|
0-0: Foul Ball, location: 2F 0-1: Ground out 4-3 (Groundball, 4)
|
Batting: LHB Juan Garza
|
0-0: Foul Ball, location: 2F 0-1: Called Strike 0-2: Ball 1-2: Foul Ball, location: 2F 1-2: Ground out 4-3 (Groundball, 4M)
|
Batting: LHB José Galindo
|
0-0: Called Strike 0-1: Foul Ball, location: 2F 0-2: Ball 1-2: Ball 2-2: SINGLE (Line Drive, 9S)
|
Batting: RHB Jeffery Gordon
|
0-0: Called Strike 0-1: Foul Ball, location: 2F 0-2: Hit by Pitch José Galindo to second
|
Batting: RHB Jeffrey Dunbar
|
0-0: Ball 1-0: Ball 2-0: SINGLE (Line Drive, 8LS) José Galindo to third Jeffery Gordon to second
|
Batting: SHB George Murphy
|
0-0: Called Strike 0-1: Ball 1-1: Called Strike 1-2: Foul Ball, location: 2F 1-2: Foul Ball, location: 2F 1-2: Ball 2-2: Ground out 3-1 (Groundball, 2R)
|
Bottom of the 4th over - 0 runs, 2 hits, 0 errors, 3 left on base; Kentucky 8 - West Virginia 0 |
TOP OF THE 5TH |
Kentucky Wildcats batting - Pitching for West Virginia Mountaineers : RHP Nolan Inman
|
Batting: RHB Jamal Martínez
|
0-0: Foul Ball, location: 2F 0-1: Swinging Strike 0-2: Ball 1-2: Strikes out looking
|
Batting: RHB Ken Jenkins
|
0-0: Called Strike 0-1: Ball 1-1: Foul Ball, location: 2F 1-2: Ball 2-2: Strikes out swinging
|
Batting: RHB Chris Young
|
0-0: Called Strike 0-1: Ball 1-1: Foul Ball, location: 2F 1-2: Strikes out swinging
|
Top of the 5th over - 0 runs, 0 hits, 0 errors, 0 left on base; Kentucky 8 - West Virginia 0 |
BOTTOM OF THE 5TH |
West Virginia Mountaineers batting - Pitching for Kentucky Wildcats : LHP Chris Morgan
|
Batting: LHB Alden Collins
|
0-0: Ball 1-0: Swinging Strike 1-1: Swinging Strike 1-2: Ball 2-2: Ball 3-2: Base on Balls
|
Pitching: RHP Kevin García
|
|
Batting: LHB Eric Chávez
|
0-0: Ball 1-0: Fly out, F5 (Popup, 25F)
|
Batting: RHB Chris Smith
|
0-0: SINGLE (Flyball, 89M) Alden Collins to second Runner from 2nd tries for 3rd, SAFE, throw made to third
|
Batting: RHB David Randall
|
0-0: Fly out, F9 (Line Drive, 9) Runner from 3rd tags up, SCORES, throw made
|
Batting: LHB Juan Garza
|
0-0: Ball 1-0: Ball 2-0: Foul Ball, location: 2F 2-1: Called Strike 2-2: Foul Ball, location: 2F 2-2: Strikes out swinging
|
Bottom of the 5th over - 1 run, 1 hit, 0 errors, 1 left on base; Kentucky 8 - West Virginia 1 |
TOP OF THE 6TH |
Kentucky Wildcats batting - Pitching for West Virginia Mountaineers : RHP Nolan Inman
|
Batting: LHB Phil Allen
|
0-0: Foul Ball, location: 2F 0-1: Ground out 6-3 (Groundball, 6M)
|
Batting: RHB Travis Kramer
|
0-0: Ball 1-0: Swinging Strike 1-1: Foul Ball, location: 2F 1-2: Ground out 6-3 (Groundball, 6)
|
Batting: RHB Sam Robinson
|
0-0: Ball 1-0: Ball 2-0: Called Strike 2-1: Called Strike 2-2: Foul Ball, location: 2F 2-2: Ball 3-2: Base on Balls
|
Batting: RHB Haywood Young
|
0-0: Foul Ball, location: 2F 0-1: Ball 1-1: Swinging Strike 1-2: Strikes out swinging
|
Top of the 6th over - 0 runs, 0 hits, 0 errors, 1 left on base; Kentucky 8 - West Virginia 1 |
BOTTOM OF THE 6TH |
West Virginia Mountaineers batting - Pitching for Kentucky Wildcats : RHP Kevin García
|
Batting: LHB José Galindo
|
0-0: Ball 1-0: Ball 2-0: Ball 3-0: Base on Balls
|
Batting: RHB Jeffery Gordon
|
0-0: Foul Ball, location: 2F 0-1: Ball 1-1: Fielders Choice at 2nd, 3-6 (Groundball, 34)
|
Batting: RHB Jeffrey Dunbar
|
0-0: Foul Ball, location: 2F 0-1: Swinging Strike 0-2: Ball Jeffery Gordon is caught stealing 2nd base 1-2: Fly out, F7 (Flyball, 7LD)
|
Bottom of the 6th over - 0 runs, 0 hits, 0 errors, 0 left on base; Kentucky 8 - West Virginia 1 |
TOP OF THE 7TH |
Kentucky Wildcats batting - Pitching for West Virginia Mountaineers : RHP Nolan Inman
|
Batting: RHB Gabriel Sánchez
|
0-0: Ball 1-0: Foul Ball, location: 2F 1-1: Ball 2-1: Ball 3-1: Base on Balls
|
Pitching: RHP Dave Young
|
|
Batting: RHB Johnny Carson
|
0-0: Ball 1-0: Foul Ball, location: 2F 1-1: Swinging Strike 1-2: Ball 2-2: Foul Ball, location: 2F 2-2: Foul Ball, location: 2F 2-2: Ball 3-2: Strikes out looking
|
Batting: RHB Jamal Martínez
|
0-0: Called Strike 0-1: Called Strike 0-2: Ball 1-2: Foul Ball, location: 2F 1-2: Foul Ball, location: 2F 1-2: Foul Ball, location: 2F 1-2: Strikes out looking
|
Batting: RHB Ken Jenkins
|
0-0: Called Strike 0-1: Ball 1-1: Foul Ball, location: 2F 1-2: Strikes out looking
|
Top of the 7th over - 0 runs, 0 hits, 0 errors, 1 left on base; Kentucky 8 - West Virginia 1 |
BOTTOM OF THE 7TH |
West Virginia Mountaineers batting - Pitching for Kentucky Wildcats : RHP Kevin García
|
Now at SS: Billy Forbes
|
|
Batting: SHB George Murphy
|
0-0: Ball 1-0: Swinging Strike 1-1: Ball 2-1: Foul Ball, location: 2F 2-2: Strikes out swinging
|
Batting: LHB Alden Collins
|
0-0: Ball 1-0: Ball 2-0: Ball 3-0: Base on Balls
|
Batting: LHB Eric Chávez
|
0-0: Swinging Strike 0-1: Called Strike 0-2: Strikes out looking
|
Batting: RHB Chris Smith
|
0-0: Ball 1-0: Called Strike 1-1: Ball 2-1: Ground out 4-3 (Groundball, 4)
|
Bottom of the 7th over - 0 runs, 0 hits, 0 errors, 1 left on base; Kentucky 8 - West Virginia 1 |
TOP OF THE 8TH |
Kentucky Wildcats batting - Pitching for West Virginia Mountaineers : RHP Dave Young
|
Batting: RHB Chris Young
|
0-0: Fly out, F8 (Flyball, 8LD)
|
Batting: LHB Phil Allen
|
0-0: Ball 1-0: Called Strike 1-1: Ball 2-1: Foul Ball, location: 2F 2-2: Strikes out looking
|
Batting: RHB Travis Kramer
|
0-0: Ball 1-0: Ball 2-0: Called Strike 2-1: Ball 3-1: SINGLE (Line Drive, 78M)
|
Batting: RHB Sam Robinson
|
0-0: Ground out 1-3 (Groundball, 15S)
|
Top of the 8th over - 0 runs, 1 hit, 0 errors, 1 left on base; Kentucky 8 - West Virginia 1 |
BOTTOM OF THE 8TH |
West Virginia Mountaineers batting - Pitching for Kentucky Wildcats : RHP Kevin García
|
Batting: RHB David Randall
|
0-0: Ball 1-0: Ball 2-0: Ball 3-0: Base on Balls
|
Batting: LHB Juan Garza
|
0-0: Grounds into double play, 6-4-3 (Groundball, 56)
|
Batting: LHB José Galindo
|
0-0: Ball 1-0: Ball 2-0: Ball 3-0: Called Strike 3-1: Foul Ball, location: 2F 3-2: Base on Balls
|
Batting: RHB Jeffery Gordon
|
0-0: Called Strike 0-1: Fly out, F4 (Line Drive, 4)
|
Bottom of the 8th over - 0 runs, 0 hits, 0 errors, 1 left on base; Kentucky 8 - West Virginia 1 |
TOP OF THE 9TH |
Kentucky Wildcats batting - Pitching for West Virginia Mountaineers : RHP Dave Young
|
Batting: RHB Haywood Young
|
0-0: Swinging Strike 0-1: Ground out 4-3 (Groundball, 4)
|
Batting: RHB Gabriel Sánchez
|
0-0: Foul Ball, location: 2F 0-1: Ball 1-1: Foul Ball, location: 2F 1-2: Foul Ball, location: 2F 1-2: Ball 2-2: Foul Ball, location: 2F 2-2: Fly out, F8 (Flyball, 78S)
|
Batting: RHB Billy Forbes
|
0-0: Called Strike 0-1: Swinging Strike 0-2: Ball 1-2: Ball 2-2: Strikes out swinging
|
Top of the 9th over - 0 runs, 0 hits, 0 errors, 0 left on base; Kentucky 8 - West Virginia 1 |
BOTTOM OF THE 9TH |
West Virginia Mountaineers batting - Pitching for Kentucky Wildcats : RHP Kevin García
|
Batting: RHB Jeffrey Dunbar
|
0-0: Ball 1-0: Foul Ball, location: 2F 1-1: Fly out, F4 (Popup, 34D)
|
Batting: SHB George Murphy
|
0-0: SINGLE (Groundball, 6MD)
|
Batting: LHB Alden Collins
|
0-0: Fielders Choice at 2nd, 1-6 (Groundball, P)
|
Batting: LHB Eric Chávez
|
0-0: Ball 1-0: Called Strike 1-1: Foul Ball, location: 2F 1-2: Ball 2-2: SINGLE (Line Drive, 4D) Alden Collins to second
|
Batting: RHB Chris Smith
|
0-0: Ball 1-0: Called Strike 1-1: Swinging Strike 1-2: Ball 2-2: Ball 3-2: Strikes out swinging
|
Bottom of the 9th over - 0 runs, 2 hits, 0 errors, 2 left on base; Kentucky 8 - West Virginia 1 |
|